 Dungeon Crawl Stone Soup version 0.18-a0-1348-g32b6e23 (webtiles) character file.

99 Arkorax the Skirmisher (level 4, -2/49 HPs)
             Began as an Ogre Hunter on Feb 18, 2016.
             Slain by a giant gecko (5 damage)
             ... on level 2 of the Dungeon.
             The game lasted 00:04:15 (1747 turns).

Arkorax the Skirmisher (Ogre Hunter)                Turns: 1747, Time: 00:04:15

Health: -2/49      AC:  3    Str: 23    XL:     4   Next: 72%
Magic:  4/4        EV: 10    Int: 10    God:
Gold:   53         SH:  0    Dex: 11    Spells: 0 memorised, 3 levels left

rFire  . . .     SeeInvis .     l - +0 club
rCold  . . .     Gourm    .     b - +0 robe
rNeg   + . .     Faith    .     (no shield)
rPois  .         Spirit   .     (helmet restricted)
rElec  .         Dismiss  .     (no cloak)
rCorr  .         Reflect  .     (gloves unavailable)
SustAt .         Harm     .     (boots unavailable)
MR     .....                    (no amulet)
Stlth  +.........               q - ring of positive energy
                                o - +6 ring of strength

@: not resistant to hostile enchantments, very unstealthy
A: unfitting armour, tough skin 1
a: no special abilities


You were on level 2 of the Dungeon.
You were not hungry.

You visited 1 branch of the dungeon, and saw 2 of its levels.

You collected 53 gold pieces.

Inventory:

Hand Weapons
 a - a +0 short sword
 l - a +0 club (weapon)
Missiles
 d - a throwing net (quivered)
Armour
 b - a +0 robe (worn)
Jewellery
 o - a +6 ring of strength (left hand)
 q - a ring of positive energy (right hand)
Scrolls
 e - a scroll of teleportation {unknown}
 i - 3 scrolls of identify {unknown}
 n - a scroll of enchant weapon {unknown}
Potions
 g - 2 potions of agility {unknown}
 h - a potion of cure mutation {unknown}
 j - a potion of brilliance {unknown}
 k - a potion of might {unknown}
Comestibles
 f - a bread ration
 m - a royal jelly
 p - a meat ration
 r - a slice of pizza


   Skills:
 * Level 4.7 Fighting
 * Level 2.3 Maces & Flails
 + Level 4.6 Throwing
 - Level 1.7 Dodging
 - Level 0.7 Stealth


You had 3 spell levels left.
You didn't know any spells.

Dungeon Overview and Level Annotations

Branches:
Dungeon (2/15)

Altars:


Innate Abilities, Weirdness & Mutations

You are too large for most types of armour.
You have tough skin (AC +1).


Message History

The throwing net hits the worm.
The worm is caught in the net!
The worm is heavily wounded.
The giant gecko misses you.
The worm struggles against the net.
You barely miss the giant gecko.
The giant gecko bites you but does no damage.
You barely miss the giant gecko.
The giant gecko bites you but does no damage.
The worm struggles against the net.
The giant gecko bites you.
* * * LOW HITPOINT WARNING * * *
You hit the giant gecko.
The giant gecko is heavily wounded.
The giant gecko completely misses you.
The worm struggles against the net.
You closely miss the giant gecko.
The giant gecko is heavily wounded.
The giant gecko bites you but does no damage.
The worm struggles against the net.
You hit the giant gecko but do no damage.
The giant gecko is heavily wounded.
The giant gecko bites you.
You die...

...##...###..# #.. ...
..###...##..>### #.#
#.# #####...##.#...#
#..... ....<...#..###.#
#.#.#.#.# .#..#...#.##
#.# #......<.
...##...#.# #.# ###.#.#
.#####.#..####.# #....#
............##.###.####
............#...@lw#
##..[.).))..#..#####
.#.......)..#..#
...............##
.............#..#
###...........#..
...............#.
###.......#......
###........#.....


You could see a worm (caught) and a giant gecko.

Vanquished Creatures
  4 gnolls (D:2)
  3 oozes (D:1)
  A worm (D:2)
  2 giant geckos
  9 bats
  4 giant cockroaches (D:1)
  5 goblins
  6 hobgoblins
  A giant newt (D:1)
  4 kobolds
  7 rats
46 creatures vanquished.

Notes
Turn   | Place    | Note
--------------------------------------------------------------
     0 | D:1      | Arkorax the Ogre Hunter began the quest for the Orb.
     0 | D:1      | Reached XP level 1. HP: 22/22 MP: 1/1
   155 | D:1      | Reached XP level 2. HP: 26/31 MP: 2/2
   283 | D:1      | Reached XP level 3. HP: 32/39 MP: 3/3
   698 | D:1      | Reached skill level 1 in Maces & Flails
  1034 | D:2      | Reached XP level 4. HP: 30/49 MP: 4/4
  1744 | D:2      | HP: 2/49 [giant gecko (4)]
  1747 | D:2      | Slain by a giant gecko

Vault maps used:
D:1:      dpeg_cavernosity, corexii_corridor_pit, minmay_liquid_box
D:2:      st_stairs_9

Action                   |  1- 3 |  4- 6 || total
-------------------------+-------+-------++-------
Melee: Short sword       |    44 |       ||    44
       Club              |    89 |    81 ||   170
Throw: Large rock        |     8 |    10 ||    18
       Throwing net      |       |     2 ||     2
 Stab: Sleeping          |     2 |       ||     2
  Eat: Chunk             |     1 |       ||     1
       Bread ration      |       |     1 ||     1
